TOP OF THE 1ST |
Missouri Tigers batting - Pitching for Texas Christian Horned Frogs : RHP Artie Hatch
|
Pitching: RHP Artie Hatch
|
|
Batting: SHB Marcos Cruz
|
0-0: Swinging Strike 0-1: Called Strike 0-2: Ball 1-2: Strikes out swinging
|
Batting: LHB Rodney Rosa
|
0-0: Called Strike 0-1: Foul Ball, location: 2F 0-2: Foul Ball, location: 2F 0-2: Fly out, F9 (Flyball, 9LS)
|
Batting: SHB Brian Fish
|
0-0: Swinging Strike 0-1: Foul Ball, location: 2F 0-2: Strikes out swinging
|
Top of the 1st over - 0 runs, 0 hits, 0 errors, 0 left on base; Missouri 0 - Texas Christian 0 |
BOTTOM OF THE 1ST |
Texas Christian Horned Frogs batting - Pitching for Missouri Tigers : RHP Kelly Rhoads
|
Pitching: RHP Kelly Rhoads
|
|
Batting: RHB Stanton Collins
|
0-0: Ball 1-0: Ball 2-0: Called Strike 2-1: Ball 3-1: Called Strike 3-2: Base on Balls
|
Batting: LHB Fernando Medina
|
0-0: Ball Stanton Collins is caught stealing 2nd base 1-0: Ball 2-0: Ball 3-0: SINGLE (Line Drive, 56)
|
Batting: LHB José Martínez
|
0-0: Ball 1-0: Ball 2-0: Foul Ball, location: 2F 2-1: Foul Ball, location: 2F 2-2: Foul Ball, location: 2F 2-2: Ball 3-2: Base on Balls Fernando Medina to second
|
Batting: LHB Perry Hayward
|
0-0: Ball 1-0: Swinging Strike 1-1: Ball 2-1: TRIPLE (Line Drive, 8LXD) Fernando Medina scores José Martínez scores
|
Batting: RHB José Sandoval
|
0-0: Foul Ball, location: 2F 0-1: Ball 1-1: Ball 2-1: Swinging Strike 2-2: Strikes out swinging
|
Batting: LHB Peter Smith
|
0-0: Called Strike 0-1: Foul Ball, location: 2F 0-2: Ball 1-2: Foul Ball, location: 2F 1-2: Ball 2-2: Foul Ball, location: 2F 2-2: Strikes out swinging
|
Bottom of the 1st over - 2 runs, 2 hits, 0 errors, 1 left on base; Missouri 0 - Texas Christian 2 |
TOP OF THE 2ND |
Missouri Tigers batting - Pitching for Texas Christian Horned Frogs : RHP Artie Hatch
|
Batting: RHB Harvey Willis
|
0-0: Ball 1-0: Ball 2-0: Ball 3-0: Called Strike 3-1: Called Strike 3-2: Foul Ball, location: 2F 3-2: Strikes out swinging
|
Batting: LHB Julián Echevarría
|
0-0: Called Strike 0-1: Swinging Strike 0-2: Ball 1-2: Ball 2-2: Strikes out looking
|
Batting: RHB Harry Edwards
|
0-0: Ball 1-0: Ball 2-0: SINGLE (Flyball, 9S)
|
Batting: LHB Michael Robertson
|
0-0: Swinging Strike 0-1: Ball 1-1: Foul Ball, location: 2F 1-2: Foul Ball, location: 2F 1-2: Foul Ball, location: 2F 1-2: Foul Ball, location: 2F 1-2: Ball 2-2: SINGLE (Groundball, 56) (infield hit) Harry Edwards to second
|
Batting: SHB David Castaneda
|
0-0: Ball 1-0: Ball 2-0: Called Strike 2-1: Ball 3-1: Base on Balls Harry Edwards to third Michael Robertson to second
|
Batting: LHB Alfredo Herrera
|
0-0: Ball 1-0: Called Strike 1-1: Foul Ball, location: 2F 1-2: Strikes out swinging
|
Top of the 2nd over - 0 runs, 2 hits, 0 errors, 3 left on base; Missouri 0 - Texas Christian 2 |
BOTTOM OF THE 2ND |
Texas Christian Horned Frogs batting - Pitching for Missouri Tigers : RHP Kelly Rhoads
|
Batting: LHB Joaquín Trejo
|
0-0: Ball 1-0: Foul Ball, location: 2F 1-1: SOLO HOME RUN (Flyball, 7D), Distance : 400 ft
|
Batting: LHB Donald Armstrong
|
0-0: Swinging Strike 0-1: Foul Ball, location: 2F 0-2: Ball 1-2: SINGLE (Groundball, 4MD)
|
Batting: RHB Arthur Salyers
|
0-0: Foul Ball, location: 2F 0-1: Foul Ball, location: 2F 0-2: Ball 1-2: Strikes out looking
|
Batting: RHB Stanton Collins
|
0-0: Ball 1-0: Ball 2-0: Swinging Strike 2-1: Ball 3-1: Foul Ball, location: 2F 3-2: Foul Ball, location: 2F 3-2: Base on Balls Donald Armstrong to second
|
Batting: LHB Fernando Medina
|
0-0: Swinging Strike 0-1: Ball 1-1: Called Strike 1-2: Ball 2-2: Strikes out looking
|
Batting: LHB José Martínez
|
0-0: Ball 1-0: Fly out, F6 (Flyball, 56D)
|
Bottom of the 2nd over - 1 run, 2 hits, 0 errors, 2 left on base; Missouri 0 - Texas Christian 3 |
TOP OF THE 3RD |
Missouri Tigers batting - Pitching for Texas Christian Horned Frogs : RHP Artie Hatch
|
Batting: SHB Marcos Cruz
|
0-0: Called Strike 0-1: Foul Ball, location: 2F 0-2: Strikes out swinging
|
Batting: LHB Rodney Rosa
|
0-0: SINGLE (Groundball, 34) (infield hit)
|
Batting: SHB Brian Fish
|
0-0: Ball 1-0: Swinging Strike 1-1: Ball 2-1: Ball 3-1: SINGLE (Flyball, 7LS) Rodney Rosa to second
|
Batting: RHB Harvey Willis
|
0-0: Called Strike Rodney Rosa steals 3rd base Brian Fish to second 0-1: Ball 1-1: Swinging Strike 1-2: Strikes out swinging
|
Batting: LHB Julián Echevarría
|
0-0: Ball 1-0: Foul Ball, location: 2F 1-1: Ball 2-1: Swinging Strike 2-2: Ball 3-2: Fly out, F7 (Flyball, 7LS)
|
Top of the 3rd over - 0 runs, 2 hits, 0 errors, 2 left on base; Missouri 0 - Texas Christian 3 |
BOTTOM OF THE 3RD |
Texas Christian Horned Frogs batting - Pitching for Missouri Tigers : RHP Kelly Rhoads
|
Batting: LHB Perry Hayward
|
0-0: Ball 1-0: Called Strike 1-1: Swinging Strike 1-2: Ball 2-2: Strikes out looking
|
Batting: RHB José Sandoval
|
0-0: SINGLE (Groundball, 6MD)
|
Batting: LHB Peter Smith
|
0-0: Foul Ball, location: 2F 0-1: Called Strike 0-2: Fly out, F8 (Flyball, 8RD)
|
Batting: LHB Joaquín Trejo
|
0-0: Fly out, F1 (Line Drive, 13)
|
Bottom of the 3rd over - 0 runs, 1 hit, 0 errors, 1 left on base; Missouri 0 - Texas Christian 3 |
TOP OF THE 4TH |
Missouri Tigers batting - Pitching for Texas Christian Horned Frogs : RHP Artie Hatch
|
Batting: RHB Harry Edwards
|
0-0: Ball 1-0: Swinging Strike 1-1: Called Strike 1-2: Fly out, F4 (Popup, 4)
|
Batting: LHB Michael Robertson
|
0-0: Ball 1-0: Called Strike 1-1: Foul Ball, location: 2F 1-2: Ball 2-2: Fly out, F9 (Flyball, 9S)
|
Batting: SHB David Castaneda
|
0-0: Called Strike 0-1: Ball 1-1: Fly out, F8 (Flyball, 78M)
|
Top of the 4th over - 0 runs, 0 hits, 0 errors, 0 left on base; Missouri 0 - Texas Christian 3 |
BOTTOM OF THE 4TH |
Texas Christian Horned Frogs batting - Pitching for Missouri Tigers : RHP Kelly Rhoads
|
Batting: LHB Donald Armstrong
|
0-0: Foul Ball, location: 2F 0-1: Called Strike 0-2: Ball 1-2: Foul Ball, location: 2F 1-2: Ball 2-2: Fly out, F8 (Flyball, 8RD)
|
Batting: RHB Arthur Salyers
|
0-0: Ball 1-0: Foul Ball, location: 2F 1-1: Ball 2-1: Foul Ball, location: 2F 2-2: Strikes out looking
|
Batting: RHB Stanton Collins
|
0-0: TRIPLE (Flyball, 7D)
|
Pitching: RHP Alejandro Medrano
|
|
Batting: LHB Fernando Medina
|
0-0: Ball 1-0: Swinging Strike 1-1: Ground out 6-3 (Groundball, 6S)
|
Bottom of the 4th over - 0 runs, 1 hit, 0 errors, 1 left on base; Missouri 0 - Texas Christian 3 |
TOP OF THE 5TH |
Missouri Tigers batting - Pitching for Texas Christian Horned Frogs : RHP Artie Hatch
|
Batting: LHB Alfredo Herrera
|
0-0: Called Strike 0-1: Called Strike 0-2: Ball 1-2: Foul Ball, location: 2F 1-2: Ball 2-2: Strikes out swinging
|
Pitching: LHP Willie Lange
|
|
Batting: SHB Marcos Cruz
|
0-0: Ball 1-0: Ball 2-0: Foul Ball, location: 2F 2-1: Ground out 6-3 (Groundball, 6)
|
Batting: LHB Rodney Rosa
|
0-0: Ball 1-0: Foul Ball, location: 2F 1-1: Ball 2-1: Called Strike 2-2: Ground out 3-1 (Groundball, 34S)
|
Top of the 5th over - 0 runs, 0 hits, 0 errors, 0 left on base; Missouri 0 - Texas Christian 3 |
BOTTOM OF THE 5TH |
Texas Christian Horned Frogs batting - Pitching for Missouri Tigers : RHP Alejandro Medrano
|
Batting: LHB José Martínez
|
0-0: Foul Ball, location: 2F 0-1: Ground out U3 (Groundball, 34)
|
Batting: LHB Perry Hayward
|
0-0: Ball 1-0: Ball 2-0: Foul Ball, location: 2F 2-1: Ball 3-1: Base on Balls
|
Batting: RHB José Sandoval
|
0-0: Foul Ball, location: 2F 0-1: Foul Ball, location: 2F 0-2: Ball 1-2: Fly out, F9 (Flyball, 9S)
|
Batting: LHB Peter Smith
|
0-0: Called Strike 0-1: Ball 1-1: Ball 2-1: Ball 3-1: Called Strike 3-2: Strikes out swinging
|
Bottom of the 5th over - 0 runs, 0 hits, 0 errors, 1 left on base; Missouri 0 - Texas Christian 3 |
TOP OF THE 6TH |
Missouri Tigers batting - Pitching for Texas Christian Horned Frogs : LHP Willie Lange
|
Batting: SHB Brian Fish
|
0-0: SINGLE (Groundball, 56D)
|
Batting: RHB Harvey Willis
|
0-0: Ball 1-0: Called Strike 1-1: Foul Ball, location: 2F 1-2: Ball 2-2: Foul Ball, location: 2F 2-2: SINGLE (Line Drive, 56D) Brian Fish to second
|
Batting: LHB Julián Echevarría
|
0-0: Ball 1-0: Foul Ball, location: 2F 1-1: Swinging Strike 1-2: Ball 2-2: Ball 3-2: Strikes out swinging
|
Batting: RHB Harry Edwards
|
0-0: Ball 1-0: Foul Ball, location: 2F 1-1: Called Strike 1-2: Fielders Choice at 2nd, 1-4 (Groundball, 15S) Brian Fish to third
|
Batting: LHB Michael Robertson
|
0-0: Called Strike 0-1: Ball 1-1: Swinging Strike 1-2: Fly out, F3 (Popup, 23F)
|
Top of the 6th over - 0 runs, 2 hits, 0 errors, 2 left on base; Missouri 0 - Texas Christian 3 |
BOTTOM OF THE 6TH |
Texas Christian Horned Frogs batting - Pitching for Missouri Tigers : RHP Alejandro Medrano
|
Batting: LHB Joaquín Trejo
|
0-0: Ball 1-0: Ball 2-0: Called Strike 2-1: Foul Ball, location: 2F 2-2: Strikes out swinging
|
Batting: LHB Donald Armstrong
|
0-0: Ball 1-0: Ball 2-0: Foul Ball, location: 2F 2-1: Ball 3-1: Base on Balls
|
Batting: RHB Arthur Salyers
|
0-0: Called Strike 0-1: Foul Ball, location: 2F 0-2: Strikes out swinging
|
Batting: RHB Stanton Collins
|
0-0: Called Strike 0-1: Called Strike 0-2: Ground out 6-3 (Groundball, 56)
|
Bottom of the 6th over - 0 runs, 0 hits, 0 errors, 1 left on base; Missouri 0 - Texas Christian 3 |
TOP OF THE 7TH |
Missouri Tigers batting - Pitching for Texas Christian Horned Frogs : LHP Willie Lange
|
Batting: SHB David Castaneda
|
0-0: Ball 1-0: Ball 2-0: Fly out, F8 (Flyball, 8LD)
|
Batting: LHB Alfredo Herrera
|
0-0: Called Strike 0-1: Ball 1-1: Ball 2-1: Ball 3-1: SINGLE (Flyball, 7LS)
|
Batting: SHB Marcos Cruz
|
0-0: Ball Pickoff Throw to First - Error! E1 Alfredo Herrera to second 1-0: Ball 2-0: Fly out, F4 (Popup, 4D)
|
Batting: LHB Rodney Rosa
|
0-0: Fly out, F7 (Flyball, 7LM)
|
Top of the 7th over - 0 runs, 1 hit, 1 error, 1 left on base; Missouri 0 - Texas Christian 3 |
BOTTOM OF THE 7TH |
Texas Christian Horned Frogs batting - Pitching for Missouri Tigers : RHP Alejandro Medrano
|
Batting: LHB Fernando Medina
|
0-0: Fly out, F9 (Flyball, 9LD)
|
Batting: LHB José Martínez
|
0-0: Fly out, F9 (Flyball, 9)
|
Batting: LHB Perry Hayward
|
0-0: Ball 1-0: Ball 2-0: Reached on error, E2 (Groundball, 15S)
|
Batting: RHB José Sandoval
|
0-0: Swinging Strike 0-1: Called Strike 0-2: Ball 1-2: Foul Ball, location: 2F 1-2: Ball 2-2: Foul Ball, location: 2F 2-2: Ball 3-2: Foul Ball, location: 2F 3-2: Base on Balls
|
Batting: LHB Peter Smith
|
0-0: Called Strike 0-1: Ball 1-1: Foul Ball, location: 2F 1-2: Foul Ball, location: 2F 1-2: Ball 2-2: Ball 3-2: Base on Balls Perry Hayward to third José Sandoval to second
|
Batting: LHB Joaquín Trejo
|
0-0: Ball 1-0: Called Strike 1-1: Ball 2-1: Called Strike 2-2: Strikes out looking
|
Bottom of the 7th over - 0 runs, 0 hits, 1 error, 3 left on base; Missouri 0 - Texas Christian 3 |
TOP OF THE 8TH |
Missouri Tigers batting - Pitching for Texas Christian Horned Frogs : LHP Willie Lange
|
Batting: SHB Brian Fish
|
0-0: Ball 1-0: Foul Ball, location: 2F 1-1: Called Strike 1-2: Foul Ball, location: 2F 1-2: Ground out 4-3 (Groundball, 4)
|
Batting: RHB Harvey Willis
|
0-0: Ball 1-0: Foul Ball, location: 2F 1-1: Ball 2-1: Foul Ball, location: 2F 2-2: SINGLE (Flyball, 89S)
|
Batting: LHB Julián Echevarría
|
0-0: Ball 1-0: Foul Ball, location: 2F 1-1: Ball 2-1: Ball 3-1: Base on Balls Harvey Willis to second
|
Pitching: RHP Robby Fox
|
|
Batting: RHB Harry Edwards
|
0-0: SINGLE (Groundball, 6D) Harvey Willis to third Julián Echevarría to second
|
Batting: LHB Michael Robertson
|
0-0: Ball 1-0: Swinging Strike 1-1: Swinging Strike 1-2: Ball 2-2: Ball 3-2: Strikes out swinging
|
Pinch Hitting: RHB Beau McNeill
|
0-0: Ball 1-0: Called Strike 1-1: Foul Ball, location: 2F 1-2: SINGLE (Groundball, 56D) Harvey Willis scores Julián Echevarría to third Harry Edwards to second Runner from 3rd tries for Home, SAFE, no throw
|
Batting: LHB Alfredo Herrera
|
0-0: Called Strike 0-1: Foul Ball, location: 2F 0-2: Hit by Pitch Harry Edwards to third Beau McNeill to second
|
Batting: SHB Marcos Cruz
|
0-0: Called Strike 0-1: Swinging Strike 0-2: Strikes out swinging
|
Top of the 8th over - 2 runs, 3 hits, 0 errors, 3 left on base; Missouri 2 - Texas Christian 3 |
BOTTOM OF THE 8TH |
Texas Christian Horned Frogs batting - Pitching for Missouri Tigers : RHP Alejandro Medrano
|
Now at 2B: Beau McNeill
|
|
Batting: LHB Donald Armstrong
|
0-0: Ground out 5-3 (Groundball, 56)
|
Batting: RHB Arthur Salyers
|
0-0: Ball 1-0: Ball 2-0: Called Strike 2-1: Foul Ball, location: 2F 2-2: Ground out 4-3 (Groundball, 4S)
|
Batting: RHB Stanton Collins
|
0-0: Fly out, F7 (Flyball, 7)
|
Bottom of the 8th over - 0 runs, 0 hits, 0 errors, 0 left on base; Missouri 2 - Texas Christian 3 |
TOP OF THE 9TH |
Missouri Tigers batting - Pitching for Texas Christian Horned Frogs : RHP Robby Fox
|
Pitching: RHP Alberto Herrera
|
|
Now in LF: Jason Ball
|
|
Now in RF: Lee Elliott
|
|
Batting: LHB Rodney Rosa
|
0-0: Ball 1-0: Called Strike 1-1: Ball 2-1: SINGLE (Flyball, 9LS)
|
Batting: SHB Brian Fish
|
0-0: Ball 1-0: Ball 2-0: Ball 3-0: Called Strike 3-1: Base on Balls Rodney Rosa to second
|
Batting: RHB Harvey Willis
|
0-0: Called Strike 0-1: Swinging Strike 0-2: Foul Ball, location: 2F 0-2: Ball 1-2: Ball 2-2: DOUBLE (Flyball, 8RD) Rodney Rosa scores Brian Fish to third
|
Batting: LHB Julián Echevarría
|
0-0: Ball 1-0: Called Strike 1-1: Foul Ball, location: 2F 1-2: Ball 2-2: Ball 3-2: Foul Ball, location: 2F 3-2: Strikes out swinging
|
Batting: RHB Harry Edwards
|
0-0: Ball 1-0: Ball 2-0: Called Strike 2-1: Ball 3-1: Swinging Strike 3-2: Base on Balls
|
Batting: LHB Michael Robertson
|
0-0: Called Strike 0-1: Ball 1-1: Foul Ball, location: 2F 1-2: Ball 2-2: Foul Ball, location: 2F 2-2: Ball 3-2: Foul Ball, location: 2F 3-2: Base on Balls Brian Fish scores Harvey Willis to third Harry Edwards to second
|
Batting: RHB Beau McNeill
|
0-0: SINGLE (Line Drive, 56D) Harvey Willis scores Harry Edwards to third Michael Robertson to second
|
Pitching: LHP Larry Mountjoy
|
|
Pinch Hitting: RHB Chet Mitchell
|
0-0: Called Strike 0-1: Fly out, F9 (Flyball, 89S) Runner from 3rd tags up, SCORES, no throw
|
Batting: SHB Marcos Cruz
|
0-0: Ball 1-0: Called Strike 1-1: Ball 2-1: Ball 3-1: 3-RUN HOME RUN (Flyball, 7D), Distance : 411 ft
|
Batting: LHB Rodney Rosa
|
0-0: Swinging Strike 0-1: SOLO HOME RUN (Flyball, 9LD), Distance : 339 ft
|
Batting: SHB Brian Fish
|
0-0: Ball 1-0: Swinging Strike 1-1: Swinging Strike 1-2: Foul Ball, location: 2F 1-2: Foul Ball, location: 2F 1-2: Ball 2-2: Ball 3-2: Base on Balls
|
Batting: RHB Harvey Willis
|
0-0: Ball 1-0: Swinging Strike 1-1: Ball 2-1: Ball 3-1: Base on Balls Brian Fish to second
|
Batting: LHB Julián Echevarría
|
0-0: Called Strike 0-1: Foul Ball, location: 2F 0-2: Ball 1-2: Foul Ball, location: 2F 1-2: Strikes out swinging
|
Top of the 9th over - 8 runs, 5 hits, 0 errors, 2 left on base; Missouri 10 - Texas Christian 3 |
BOTTOM OF THE 9TH |
Texas Christian Horned Frogs batting - Pitching for Missouri Tigers : RHP Alejandro Medrano
|
Now at 1B: Vincent Turner
|
|
Now in RF: Christian Harris
|
|
Batting: LHB Fernando Medina
|
0-0: Ground out 5-3 (Groundball, 56)
|
Batting: RHB Lee Elliott
|
0-0: Ball 1-0: Foul Ball, location: 2F 1-1: Ground out U3 (Groundball, 3)
|
Batting: LHB Perry Hayward
|
0-0: Swinging Strike 0-1: Fly out, F8 (Flyball, 8LM)
|
Bottom of the 9th over - 0 runs, 0 hits, 0 errors, 0 left on base; Missouri 10 - Texas Christian 3 |
|